 Dungeon Crawl Stone Soup version 0.28.0-49-g6dfe1f597d (webtiles) character file.

Game seed: 8208354648043396428

11 101zpm the Magician (level 2, -23/21 HPs)
             Began as a Djinni Fire Elementalist on May 14, 2022.
             Killed from afar by Ijyb (26 damage)
             ... with a bolt of acid
             ... on level 2 of the Dungeon.
             The game lasted 00:00:31 (29 turns).

101zpm the Magician (Djinni Fire Elementalist)        Turns: 29, Time: 00:00:31

Health: -23/21     AC:  2    Str:  7    XL:     2   Next: 35%
Gold:   0          EV: 12    Int: 16    God:
                   SH:  0    Dex: 13

rFire   + + .      SeeInvis .   (no weapon)
rCold   x . .      Faith    .   (no shield)
rNeg    . . .      Spirit   .   a - +0 robe
rPois   ∞          Reflect  .   (no helmet)
rElec   .          Harm     .   (no cloak)
rCorr   .          Rampage  .   (no gloves)
Will    .....                   (boots unavailable)
Stlth   ++........              (no amulet)
HPRegen 0.07/turn               (no ring)
MPRegen 0.00/turn               (no ring)

@: flying
A: sickness immunity, fire resistance 2, cold vulnerability 1, float, innate
caster, HP casting, extra vitality 1
a: no special abilities


You were on level 2 of the Dungeon.
You visited 1 branch of the dungeon, and saw 2 of its levels.

Inventory:

Armour
 a - a +0 robe (worn)


   Skills:
 + Level 2.4 Dodging
 + Level 1.6 Stealth
 + Level 2.8 Spellcasting


You couldn't memorise any spells.
You knew the following spells:

 Your Spells              Type           Power      Damage    Failure   Level
a - Foxfire               Conj/Fire      44%        2x1d6     6%          1
b - Scorch                Fire           22%        2d6       9%          2
c - Conjure Flame         Conj/Fire      11%        6-21      19%         3
d - Inner Flame           Hex/Fire       11%        N/A       19%         3
e - Flame Wave            Conj/Fire      11%        2d5       52%         4
Your spell library was empty.

Dungeon Overview and Level Annotations

Branches:
Dungeon (2/15)

Altars:

Annotations:
D:2 Ijyb


Innate Abilities, Weirdness & Mutations

You are immune to sickness and miasma.
You are immune to poison.
Your flesh is very heat resistant. (rF++)
You are vulnerable to cold. (rC-)
You float through the air rather than walking.
You learn spells naturally, not from books.
Your magical power is your life essence.
You have superior vitality. (+4 MHP)


Message History

Press: ? - help, Q - select action, (/) - cycle Dir - look around, f - activate You conjure some foxfire!
The foxfire hits the goblin.
You kill the goblin!
The foxfire hits Ijyb.
Ijyb is lightly wounded.
Casting: Foxfire (safe; 6% risk of failure)
Press: ? - help, Q - select action, (/) - cycle Dir - look around, f - activate You conjure some foxfire!
* * * LOW HITPOINT WARNING * * *
The foxfire hits Ijyb but does no damage.
Ijyb is lightly wounded.
Casting: Foxfire (safe; 6% risk of failure)
Press: ? - help, Q - select action, (/) - cycle Dir - look around, f - activate You conjure some foxfire!
* * * LOW HITPOINT WARNING * * *
The foxfire hits Ijyb.
Ijyb is lightly wounded.
The foxfire hits Ijyb but does no damage.
Ijyb is lightly wounded.
The foxfire hits Ijyb but does no damage.
Ijyb is lightly wounded.
Casting: Foxfire (safe; 6% risk of failure)
Press: ? - help, Q - select action, (/) - cycle Dir - look around, f - activate You conjure some foxfire!
* * * LOW HITPOINT WARNING * * *
The foxfire hits Ijyb but does no damage.
Ijyb is lightly wounded.
Ijyb zaps a wand.
The bolt of acid hits your foxfire!! The acid corrodes your foxfire!
The bolt of acid hits your foxfire!! The acid corrodes your foxfire!
The bolt of acid misses you.
Casting: Foxfire (safe; 6% risk of failure)
Press: ? - help, Q - select action, (/) - cycle Dir - look around, f - activate You conjure some foxfire!
* * * LOW HITPOINT WARNING * * *
The foxfire hits Ijyb.
Ijyb is moderately wounded.
Ijyb zaps a wand.
The bolt of acid hits you!!
Ouch! That really hurt!
You die...

##.#..)))..#
..#8...)$8
....)...
#..g...
#.....####
#..§.....
#.v.§.#
#.v@).#
##§##.# #. #
#. #. #. #.
#.


You could see Ijyb (ally target).

Vanquished Creatures
  A bat (D:2)
  6 goblins (D:2)
  A kobold (D:2)
8 creatures vanquished.

Vanquished Creatures (others)
  26 foxfires (D:2)
26 creatures vanquished.

Grand Total: 34 creatures vanquished

Notes
Turn   | Place    | Note
-------+----------+-------------------------------------------
     0 | D:1      | 101zpm the Djinni Fire Elementalist began the quest for the
                  | Orb.
     0 | D:1      | Reached XP level 1. HP: 15/15 MP: 0/0
    19 | D:2      | Reached XP level 2. HP: 11/21 MP: 0/0
    23 | D:2      | Noticed Ijyb
    29 | D:2      | Killed from afar by Ijyb

Illustrated notes

Levels and vault maps discovered:
D:1:      dpeg_arrival_simpleton_b, layout_basic,
          shapermc_ecumenical_altar_starsandcircs
D:2:      kennysheep_the_goblin_king, layout_loops_ring, serial_shops, shop,
          nicolae_shop_hallway_plus, nicolae_shop_waterfront, shop, uniq_natasha

Action                   || total
-------------------------++-------
 Cast: Foxfire           ||    15
Armor: Robe              ||     2
Dodge: Dodged            ||     5
